 Dungeon Crawl Stone Soup version 0.24-a0-585-g5c5dc1b5cb (webtiles) character file.

Game seed: 1872312514022871150, levelgen mode: deterministic

14977 MirrMurr the Markscentaur (level 11, -14/102 HPs)
             Began as a Centaur Berserker on Sept 7, 2019.
             Was a High Priest of Trog.
             Demolished by an ettin
             ... wielding a +0 great mace
              (31 damage)
             ... on level 11 of the Dungeon.
             The game lasted 00:24:24 (13400 turns).

MirrMurr the Markscentaur (Centaur Berserker)      Turns: 13400, Time: 00:24:24

Health: -14/102    AC:  6    Str: 25    XL:     11   Next: 95%
Magic:  11/11      EV:  9    Int:  6    God:    Trog [*****.]
Gold:   565        SH:  0    Dex: 15    Spells: 10/10 levels left

rFire    . . .     SeeInvis .   b - +8 trident of Taxation {venom, +Fly rPois}
rCold    . . .     Gourm    .   (no shield)
rNeg     . . .     Faith    .   w - +0 ring mail
rPois    +         Spirit   .   v - +1 helmet
rElec    .         Reflect  .   n - +0 cloak
rCorr    .         Harm     .   H - +1 pair of gloves {Str+3}
MR       .....                  (no barding)
Stlth    ..........             (no amulet)
HPRegen  0.27/turn              i - +5 ring of dexterity
MPRegen  0.12/turn              (no ring)

@: corroded, studying Bows, very quick
A: large, hooves 3, deformed body, speed 2, tough skin 3
a: Berserk, Trog's Hand, Brothers in Arms, Renounce Religion, Evoke Flight


You were on level 11 of the Dungeon.
You worshipped Trog.
Trog was extremely pleased with you.
You were near starving.

You visited 2 branches of the dungeon, and saw 12 of its levels.

You collected 589 gold pieces.
You spent 24 gold pieces at shops.

Inventory:

Hand Weapons
 a - a +1 shortbow
 b - the +8 trident of Taxation (weapon) {venom, +Fly rPois}
   (You found it on level 9 of the Dungeon)

   It poisons the flesh of those it strikes.
   It protects you from poison.
   It lets you fly.
Missiles
 h - 467 stones (quivered)
 l - 403 arrows
 y - 21 poisoned darts
Armour
 n - a +0 cloak (worn)
 v - a +1 helmet (worn)
 w - a +0 ring mail (worn)
 H - a +1 pair of gloves of strength (worn)
Jewellery
 i - a +5 ring of dexterity (left hand)
Wands
 m - a wand of random effects (53)
 q - a wand of acid (8)
 s - a wand of flame (24)
 D - a wand of clouds (3)
Scrolls
 d - a scroll of immolation
 p - 4 scrolls of teleportation
 r - 2 scrolls of remove curse
 C - a scroll of magic mapping
Potions
 e - 3 potions of lignification
 f - a potion of magic {unknown}
 g - 2 potions of cancellation
 j - a potion of degeneration {unknown}
 k - 2 potions of heal wounds
 o - 3 potions of agility
 t - 5 potions of curing
 u - a potion of flight {unknown}
 x - a potion of mutation {unknown}
 z - a potion of resistance {unknown}
 B - a potion of haste {unknown}
Books
 E - a manual of Bows
Miscellaneous
 A - a phial of floods
Comestibles
 c - 14 rations


   Skills:
 + Level 11.5 Fighting
 - Level 9.0 Polearms
 * Level 18.7 Bows
 - Level 1.3 Armour
 - Level 1.3 Dodging


You had 10 spell levels left.
You didn't know any spells.
Your spell library was empty.

Dungeon Overview and Level Annotations

Branches:
Dungeon (11/15)            Temple (1/1) D:4            Lair (0/6) D:8
    Orc: D:9-12

Altars:
Ashenzari
Cheibriados
Dithmenos
Elyvilon
Fedhas
Gozag
Hepliaklqana
Kikubaaqudgha
Makhleb
Nemelex Xobeh
Okawaru
Qazlal
Ru
Sif Muna
Trog
Uskayaw
Vehumet
Wu Jian
Xom
Yredelemnul
Zin
The Shining One

Shops:
D:6 [   D:7 ?   D:9 %*   D:10 =

Annotations:
D:1 kill all of these?


Innate Abilities, Weirdness & Mutations

You have hooves in place of feet.
Armour fits poorly on your strangely shaped body.
You cover ground very quickly.
You have extremely tough skin. (AC +3)


Message History

You hit the scorpion but do no damage. Your kick misses the scorpion.
The scorpion closely misses you.
You closely miss the scorpion. Your kick misses the scorpion.
The scorpion stings you but does no damage.
You hit the scorpion but do no damage.
The scorpion is poisoned.
The scorpion stings you.
* * * LOW HITPOINT WARNING * * *
You closely miss the scorpion. You kick the scorpion.
The scorpion is moderately wounded.
The scorpion stings you but does no damage.
You hit the scorpion but do no damage.
The scorpion looks even sicker.
Your kick misses the scorpion.
The scorpion is moderately wounded.
You hit the scorpion.
The scorpion looks as sick as possible!
The scorpion is severely wounded.
You kill the scorpion!
Trog accepts your kill.
An ettin comes into view.
It is wielding a +0 great mace and a +0 dire flail.
The ettin hits you with a +0 great mace!!
You die...

.# #.#.).........# .#
#.#<..........# ..
#.#.........###
###################.###.......#
..................#.|.........#
####..######...##.#####).######
##.# #)##..[##.# #..#
#.###.#.......#####..#
#.#.#.#....[@........#
#.#.#)#######C######+# ##.#)#.#
## # ###.#.# # #.#.# # ###.####
## #}#}. .# ########
.#####.....#


You could see an ettin.

Vanquished Creatures
  A frost giant (D:11)
  An ettin (D:11)
  4 two-headed ogres (D:11)
  A deep troll earth mage (D:11)
  Pikel (D:3)
  A cyclops (D:11)
  An ugly thing (D:11)
  A centaur skeleton (D:11)
  A gargoyle (D:10)
  A troll (D:10)
  A hornet (D:10)
  A hippogriff (D:11)
  A spriggan (D:7)
  Sigmund (D:5)
  A basilisk (D:11)
  9 yaks
  A vampire (D:9)
  A wyvern (D:8)
  2 hungry ghosts
  A steam dragon (D:11)
  An acid dragon (D:11)
  A soldier ant (D:10)
  5 ice beasts
  A black bear (D:11)
  3 orc warriors
  2 sky beasts
  2 phantoms
  4 ogres
  8 centaurs
  Blork the orc (D:5)
  A gnoll sergeant (D:6)
  2 bullfrogs
  4 scorpions
  A killer bee (D:11)
  5 howler monkeys
  8 wights
  3 crimson imps
  A bullfrog zombie (D:7)
  7 hounds
  5 orc priests
  2 jellies
  6 orc wizards
  Crazy Yiuf (D:5)
  7 bullfrog skeletons
  A gnoll shaman (D:6)
  2 iguanas
  6 worker ants
  A killer bee zombie (D:5)
  2 hound zombies
  A hound skeleton (D:4)
  A worker ant zombie (D:10)
  12 adders
  13 gnolls
  3 shadow imps
  2 oozes
  2 adder skeletons
  5 worms
  3 dart slugs
  7 leopard geckos
  33 orcs
  15 bats
  8 giant cockroaches
  11 goblins
  9 hobgoblins
  15 jackals
  12 kobolds
  5 quokkas
  A ball python (D:4)
  3 frilled lizards
  9 rats
  A fungus (D:5)
  A plant (D:6)
297 creatures vanquished.

Vanquished Creatures (others)
  An orc wizard (D:9)
  A worker ant (D:4)
  2 jackals (D:4)
  A rat (D:2)
5 creatures vanquished.

Grand Total: 302 creatures vanquished

Notes
Turn   | Place    | Note
-------+----------+-------------------------------------------
     0 | D:1      | MirrMurr the Centaur Berserker began the quest for the Orb.
     0 | D:1      | Reached XP level 1. HP: 19/19 MP: 1/1
     2 | D:1      | Noticed a troll
     2 | D:1      | Noticed a human
     4 | D:1      | Noticed an ogre
     4 | D:1      | Noticed a felid
     6 | D:1      | Noticed a demonspawn
     6 | D:1      | Noticed a formicid
    10 | D:1      | Noticed a vampire
    12 | D:1      | Noticed a draconian
    12 | D:1      | Noticed a vine stalker
    14 | D:1      | Noticed a naga
    14 | D:1      | Noticed a centaur
    16 | D:1      | Noticed a merfolk
    16 | D:1      | Noticed a minotaur
    18 | D:1      | Noticed a gargoyle
    18 | D:1      | Noticed a halfling
    20 | D:1      | Noticed a dwarf
    20 | D:1      | Noticed an octopode
    22 | D:1      | Noticed a ghoul
    24 | D:1      | Noticed an elf
    24 | D:1      | Noticed a demigod
    26 | D:1      | Noticed a tengu
    26 | D:1      | Noticed a spriggan
   131 | D:1      | Reached XP level 2. HP: 20/26 MP: 2/2
   363 | D:1      | Reached XP level 3. HP: 30/31 MP: 3/3
   800 | D:2      | Reached ** piety under Trog
  1269 | D:2      | Reached XP level 4. HP: 36/40 MP: 4/4
  1818 | D:3      | Reached XP level 5. HP: 30/46 MP: 5/5
  2202 | D:3      | Reached *** piety under Trog
  2305 | D:3      | Reached skill level 5 in Polearms
  3077 | D:4      | Noticed a phantom
  3111 | D:4      | Killed a phantom
  3111 | D:4      | Reached XP level 6. HP: 33/53 MP: 6/6
  3327 | D:4      | Reached skill level 5 in Fighting
  3514 | D:4      | Noticed Pikel
  3526 | D:4      | Noticed a slave
  3532 | D:4      | Noticed a slave
  3559 | D:3      | Killed Pikel
  3559 | D:3      | Reached XP level 7. HP: 62/62 MP: 7/7
  3871 | D:4      | Found a staircase to the Ecumenical Temple.
  3881 | Temple   | Entered the Ecumenical Temple
  4145 | D:5      | Entered Level 5 of the Dungeon
  4198 | D:5      | Noticed Sigmund
  4210 | D:5      | Killed Sigmund
  4210 | D:5      | Reached XP level 8. HP: 70/70 MP: 8/8
  4951 | D:5      | Noticed Blork the orc
  4955 | D:5      | Killed Blork the orc
  5069 | D:5      | Found a runed translucent door.
  5070 | D:5      | Noticed Crazy Yiuf
  5143 | D:5      | Killed Crazy Yiuf
  5143 | D:5      | Reached **** piety under Trog
  5471 | D:6      | Reached skill level 2 in Bows
  5478 | D:6      | Reached skill level 3 in Bows
  5478 | D:6      | Reached XP level 9. HP: 50/79 MP: 9/9
  5480 | D:6      | Reached skill level 4 in Bows
  5485 | D:6      | Reached skill level 5 in Bows
  5564 | D:6      | Reached skill level 6 in Bows
  5585 | D:6      | Found a shimmering altar of Xom.
  5585 | D:6      | Found a hide-covered altar of Uskayaw.
  5600 | D:6      | Found a bloodstained altar of Trog.
  5914 | D:6      | Found an opulent altar of Gozag.
  5914 | D:6      | Found a shattered altar of Ashenzari.
  6033 | D:6      | Reached skill level 7 in Bows
  6045 | D:6      | Found Ciar's Antique Armour Boutique.
  6839 | D:7      | Reached skill level 8 in Bows
  6854 | D:7      | Found a glowing golden altar of the Shining One.
  7081 | D:7      | Reached ***** piety under Trog
  7161 | D:7      | Reached skill level 9 in Bows
  7243 | D:7      | Found Niyll's Magic Scroll Shop.
  7250 | D:7      | Bought a scroll of identify for 24 gold pieces
  7564 | D:8      | Found a blossoming altar of Fedhas.
  7681 | D:8      | Reached XP level 10. HP: 79/90 MP: 10/10
  8097 | D:8      | Found a staircase to the Lair.
  8508 | D:9      | Got a scorched trident
  8562 | D:9      | Found Byqyomav's Food Boutique.
  8589 | D:9      | Reached skill level 10 in Bows
  8673 | D:9      | Received a gift from Trog
  8982 | D:9      | Identified the +8 trident of Taxation {venom, +Fly rPois}
                  | (You found it on level 9 of the Dungeon)
  9546 | D:9      | Found Hayl's Assorted Antiques.
 10059 | D:10     | Entered Level 10 of the Dungeon
 10571 | D:10     | Reached skill level 11 in Bows
 10666 | D:10     | Noticed a gargoyle
 10682 | D:10     | Killed a gargoyle
 10923 | D:10     | Received a gift from Trog
 10990 | D:10     | Found Hiugoala's Jewellery Shop.
 11032 | D:10     | Reached skill level 12 in Bows
 11236 | D:10     | Reached skill level 10 in Fighting
 11256 | D:10     | Reached skill level 13 in Bows
 11636 | D:11     | Noticed a two-headed ogre
 11640 | D:11     | Killed a two-headed ogre
 11640 | D:11     | Reached XP level 11. HP: 100/100 MP: 11/11
 11686 | D:11     | Reached skill level 14 in Bows
 11724 | D:11     | Noticed a two-headed ogre
 11739 | D:11     | Killed a two-headed ogre
 11739 | D:11     | Received a gift from Trog
 11807 | D:11     | Noticed a deep troll earth mage
 11860 | D:11     | Killed a deep troll earth mage
 11860 | D:11     | Reached skill level 15 in Bows
 12061 | D:11     | Noticed a two-headed ogre
 12229 | D:11     | Killed a two-headed ogre
 12630 | D:11     | Noticed a cyan ugly thing
 12642 | D:11     | Killed a cyan ugly thing
 12642 | D:11     | Reached skill level 16 in Bows
 12864 | D:11     | Noticed a two-headed ogre
 12904 | D:11     | Killed a two-headed ogre
 12982 | D:11     | Reached skill level 17 in Bows
 12994 | D:11     | Identified a scroll of acquirement
 12995 | D:11     | Got a pair of brightly glowing gloves
 13006 | D:11     | Identified the +0 pair of gloves of Dishonesty {rC- Dex+5}
                  | (You acquired it on level 11 of the Dungeon)
 13037 | D:11     | Received a gift from Trog
 13049 | D:11     | Noticed a frost giant
 13053 | D:11     | Killed a frost giant
 13053 | D:11     | Reached skill level 18 in Bows
 13353 | D:11     | Noticed an ettin
 13360 | D:11     | Killed an ettin
 13399 | D:11     | Noticed an ettin
 13400 | D:11     | Demolished by an ettin

Levels and vault maps discovered:
D:1:      kb_arrival_jail, layout_basic
D:2:      layout_basic, first_ration
D:3:      minmay_wonky_spiral, layout_loops_ring
D:4:      layout_cave_pools, minmay_temple_entry_poolview, minmay_crystal_room,
          uniq_pikel
D:5:      layout_rooms, gup_sewer_entry_bowl, minmay_misc_feat_plants,
          uniq_sigmund, uniq_crazy_yiuf_cottage, uniq_blork_the_orc
D:6:      layout_loops_ring, gammafunk_temple_overflow_forgotten,
          gammafunk_temple_overflow_wave, serial_shops, shop, st_stairs_11
D:7:      layout_basic, tso_metal_star, serial_shops, shop, the_bakery
D:8:      layout_layer_cave, fedhas_altar_fruit_tree, lair_entry_dummy
D:9:      layout_long_grid, serial_shops,
          nicolae_shop_temple_entry_statues_fountains,
          nicolae_shop_behind_doors, nrook_mini_vaults,
          nicolae_underground_beach
D:10:     layout_rooms, serial_shops, nicolae_shop_trees
D:11:     minmay_chopped_fan, layout_basic, minmay_three_doors
Temple:   regret_index_temple_waves

Skill      XL: |  1  2  3  4  5  6  7  8  9 10 11 |
---------------+----------------------------------+-----
Polearms       | 3 4 5 7 9 |  9.0
Fighting       | 4 5 6 7 8 10 11 | 11.5
Bows           | 3 9 13 18 | 18.7
Armour         | |  1.3
Dodging        | |  1.3

Action                   |  1- 3 |  4- 6 |  7- 9 | 10-12 || total
-------------------------+-------+-------+-------+-------++-------
Melee: Spear             |   144 |   239 |       |       ||   383
       Kick              |    19 |    38 |    94 |    47 ||   198
       Trident           |       |    12 |   381 |   156 ||   549
 Fire: Shortbow          |       |       |       |   309 ||   309
Invok: Berserk           |       |     1 |     5 |     5 ||    11
       Trog's Hand       |       |       |       |     1 ||     1
  Use: Scroll            |       |     7 |     6 |     3 ||    16
  Eat: Chunk             |       |     7 |    13 |    13 ||    33
       Ration            |       |       |     1 |     2 ||     3
Armor: Animal skin       |    35 |       |       |       ||    35
       Ring mail         |       |    67 |    87 |    64 ||   218
Dodge: Dodged            |    51 |    67 |   102 |    58 ||   278

Table legend:
 A = Non-vault XP
 B = Vault XP
 C = Vault XP percentage of total XP
 D = Non-vault monster count
 E = Vault monster count
 F = Vault count percentage of total count
                 A         B        C        D         E       F
            +---------+---------+-------+---------+---------+-------
      Total |   14580 |    6816 |  31.9 |     274 |      22 |   7.4
            +---------+---------+-------+---------+---------+-------
        D:1 |      52 |       0 |   0.0 |      29 |       0 |   0.0
        D:2 |      61 |       0 |   0.0 |      23 |       0 |   0.0
        D:3 |     197 |     613 |  75.7 |      36 |       4 |  10.0
        D:4 |     344 |       0 |   0.0 |      15 |       0 |   0.0
        D:5 |     633 |     359 |  36.2 |      22 |       6 |  21.4
        D:6 |    1861 |     158 |   7.8 |      39 |       2 |   4.9
        D:7 |     719 |     229 |  24.2 |      23 |       1 |   4.2
        D:8 |     645 |       0 |   0.0 |      13 |       0 |   0.0
        D:9 |    1303 |       0 |   0.0 |      22 |       0 |   0.0
       D:10 |    3181 |       0 |   0.0 |      26 |       0 |   0.0
       D:11 |    5584 |    5457 |  49.4 |      26 |       9 |  25.7
            +---------+---------+-------+---------+---------+-------
